 Dungeon Crawl Stone Soup version 0.29.1-2-gbd0b4ee654 (webtiles) character file.

Game seed: 9876083609264395656

367 sanboga the Chopper (level 6, -11/55 (56) HPs)
             Began as a Minotaur Monk on Nov 15, 2022.
             Mangled by an ogre
             ... wielding a +0 giant spiked club
              (21 damage)
             ... on level 4 of the Dungeon.
             The game lasted 00:04:58 (4752 turns).

sanboga the Chopper (Minotaur Monk)                 Turns: 4752, Time: 00:04:59

HP:   -11/55 (56)   AC: 12    Str: 17    XL:     6   Next: 41%
MP:   5/5           EV:  6    Int:  7    God:
Gold: 194           SH:  0    Dex: 13    Spells: 5/5 levels left

rFire   . . .      SeeInvis .   a - +0 hand axe
rCold   + . .      Faith    .   (no shield)
rNeg    . . .      Spirit   .   k - +0 plate armour
rPois   .          Reflect  .   (helmet restricted)
rElec   .          Harm     .   (no cloak)
rCorr   .          Rampage  .   l - +0 pair of gloves
Will    .....                   (no boots)
Stlth   ..........              (no amulet)
HPRegen 0.18/turn               q - ring of protection from cold
MPRegen 0.09/turn               (no ring)

@: lightly drained
A: horns 2, retaliatory headbutt
a: no special abilities


You were on level 4 of the Dungeon.
You visited 1 branch of the dungeon, and saw 4 of its levels.
You also visited: Sewer.

You collected 194 gold pieces.

Inventory:

Hand Weapons
 a - a +0 hand axe (weapon)
Armour
 k - a +0 plate armour (worn)
 l - a +0 pair of gloves (worn)
Jewellery
 q - a ring of protection from cold (left hand)
Wands
 b - a wand of light (5)
 g - a wand of charming (11)
 j - a wand of flame (11)
Scrolls
 c - a scroll of poison {unknown}
 e - 2 scrolls of silence
 f - a scroll of teleportation
 h - a scroll of summoning {unknown}
 s - 2 scrolls of brand weapon {unknown}
Potions
 d - 6 potions of flight
 i - 3 potions of mutation
 m - a potion of magic {unknown}
 n - 2 potions of heal wounds
 p - a potion of degeneration {unknown}
 t - a potion of haste {unknown}


   Skills:
 + Level 5.3 Fighting
 * Level 6.7 Axes
 + Level 3.6 Armour
 - Level 3.2 Dodging
 - Level 1.5 Stealth


You had 5 spell levels left.
You didn't know any spells.
Your spell library contained the following spells:

 Spells                   Type           Power      Damage    Failure   Level
 Summon Small Mammal      Summ           0%         N/A       100%        1
 Ensorcelled Hibernation  Hex/Ice        0%         N/A       100%        2
 Passwall                 Tmut/Erth      0%         N/A       100%        2
 Call Canine Familiar     Summ           0%         N/A       100%        3
 Dazzling Flash           Conj/Hex       0%         N/A       100%        3
 Portal Projectile        Hex/Tloc       0%         N/A       100%        3
 Summon Guardian Golem    Hex/Summ       0%         N/A       100%        3
 Swiftness                Air            0%         N/A       100%        3
 Iskenderun's Mystic Bla  Conj/Tloc      0%         2d3       100%        4
 Leda's Liquefaction      Hex/Erth       0%         N/A       100%        4
 Starburst                Conj/Fire      0%         6d3       100%        6


Dungeon Overview and Level Annotations

Branches:
Dungeon (4/15)              Sewer (visited)
 Temple: D:4-7

Altars:
Fedhas


Innate Abilities, Weirdness & Mutations

You have a pair of horns on your head.
You reflexively headbutt those who attack you in melee.


Message History

The quokka moves out of view.
A quokka is nearby!
You miss the quokka. The quokka closely misses you.
The quokka barely misses you. You furiously retaliate!
You headbutt the quokka, but do no damage.
You barely miss the quokka. You headbutt the quokka.
You kill the quokka!
No target in view!
No target in view!
No target in view!
Found a stone staircase leading down.
There is a stone staircase leading down here.
Found an escape hatch in the floor.
An ogre comes into view. It is wielding a +0 giant spiked club.
The ogre shouts!
The ogre hits you with a +0 giant spiked club!!
You hit the ogre.
The ogre is lightly wounded.
The ogre hits you with a +0 giant spiked club.
You barely miss the ogre.
The ogre is lightly wounded.
You hit the ogre.
The ogre is moderately wounded.
The ogre hits you with a +0 giant spiked club!
You slash the ogre!
The ogre is heavily wounded.
The ogre hits you with a +0 giant spiked club!
* * * LOW HITPOINT WARNING * * *
Aiming: Throw Flame
Press: ? - help, Shift-Dir - straight line, f - ogre
Aim: an ogre, wielding a +0 giant spiked club (heavily wounded, 85% to hit)
The puff of flame hits the ogre.
The ogre is severely wounded.
Aiming: Throw Flame
Press: ? - help, Shift-Dir - straight line, f/p - ogre
Aim: an ogre, wielding a +0 giant spiked club (severely wounded, 85% to hit)
The puff of flame hits the ogre.
The ogre is almost dead.
The ogre hits you with a +0 giant spiked club!!
You die...

###########
#.......#..
######.#####.#.#
# #......#
#.#.#####.#
#......#
###.#>......#
.......#
#......@O...#
.......#
#.###......##
.......##..
#......#
.########.
#.........
.##.......
...####.##
.##.##.#.# ....#
.# .##.##.#.#
.###.# #
.......#.##.###.#
................'


You could see an ogre.

Vanquished Creatures
  Ijyb (D:3)
  2 orc wizards (D:4)
  Natasha (thrice) (D:3)
  5 adders
  7 river rats
  2 worms (D:3)
  4 dart slugs
  7 orcs
  8 bats
  7 endoplasms
  6 giant cockroaches
  A goblin (D:1)
  3 hobgoblins
  11 jackals
  4 kobolds
  3 quokkas
  11 ball pythons
  3 frilled lizards
  4 rats
  3 bushes (D:1)
95 creatures vanquished.

Vanquished Creatures (others)
  4 plants (D:1)
4 creatures vanquished.

Grand Total: 99 creatures vanquished

Notes
Turn   | Place    | Note
-------+----------+-------------------------------------------
     0 | D:1      | sanboga the Minotaur Monk began the quest for the Orb.
     0 | D:1      | Reached XP level 1. HP: 19/19 MP: 0/0
    82 | D:1      | Reached skill level 4 in Axes
   145 | D:1      | Reached XP level 2. HP: 27/27 MP: 1/1
   527 | D:1      | Reached skill level 1 in Armour
  1131 | D:1      | Found a faded altar of an unknown god.
  1908 | D:2      | Found a blossoming altar of Fedhas.
  2281 | D:3      | Reached XP level 3. HP: 18/33 MP: 2/2
  2482 | D:3      | Noticed Ijyb
  2505 | D:3      | Killed Ijyb
  2506 | D:3      | Reached skill level 5 in Axes
  2506 | D:3      | Reached XP level 4. HP: 32/41 MP: 3/3
  2538 | D:3      | Found a glowing drain.
  2560 | Sewer    | Entered a sewer
  3002 | Sewer    | Reached XP level 5. HP: 31/47 MP: 4/4
  3796 | D:3      | Noticed Natasha
  3804 | D:3      | Reached skill level 6 in Axes
  3815 | D:3      | Killed Natasha
  3816 | D:3      | Reached skill level 5 in Fighting
  3953 | D:3      | Noticed Natasha
  3960 | D:3      | Killed Natasha
  3962 | D:3      | Noticed Natasha
  3976 | D:3      | Killed Natasha
  3977 | D:3      | Reached XP level 6. HP: 48/56 MP: 5/5
  4752 | D:4      | Mangled by an ogre

Illustrated notes

Levels and vault maps discovered:
D:1:      heliophobic_arrival_ceremonial_halls, layout_loops_corners,
          hellmonk_ecumenical_altar_heavens_door, serial_forest,
          infiniplex_forest_clump_diagonal, infiniplex_forest_join,
          infiniplex_forest_clump_medium, infiniplex_forest_clump_large,
          infiniplex_forest_lined_1, infiniplex_forest_lined_3,
          infiniplex_forest_clump_large, infiniplex_forest_lined_ring,
          infiniplex_forest_straight_3
D:2:      layout_basic, basic_altar
D:3:      layout_rooms, portal_sewer_entry_a, uniq_natasha, uniq_ijyb
D:4:      layout_basic, okawaru_ov_weapons_minmay,
          minmay_temple_entry_statues_fountains, uniq_grinder

Skill      XL: |  1  2  3  4  5 |
---------------+----------------+-----
Axes           | 4 5 6 |  6.7
Armour         | 1 2 3 |  3.6
Fighting       | 4 5 |  5.3
Dodging        | |  3.2
Stealth        | |  1.5

Action                   |  1- 3 |  4- 6 || total
-------------------------+-------+-------++-------
Melee: Hand axe          |   348 |   217 ||   565
       Headbutt          |   115 |    22 ||   137
       Punch             |     4 |     2 ||     6
Evoke: Wand              |       |     2 ||     2
  Use: Scroll            |     3 |     4 ||     7
       Potion            |     2 |       ||     2
 Stab: Sleeping          |     6 |       ||     6
Armor: Robe              |    10 |       ||    10
       Plate armour      |    37 |   168 ||   205
Dodge: Dodged            |    43 |    75 ||   118
